 Dungeon Crawl Stone Soup version 0.28-a0-1114-g8eb0198dcf (webtiles) character file.

Game seed: 5149556282288631504

275 ChaosChampion the Insei (level 6, -3/38 HPs)
             Began as an Octopode Transmuter on Dec 11, 2021.
             Was a Priest of Qazlal.
             Slain by a bullfrog (6 damage)
             ... in a sewer.
             The game lasted 00:08:45 (3060 turns).

ChaosChampion the Insei (Octopode Transmuter)       Turns: 3060, Time: 00:08:46

Health: -3/38      AC:  1    Str:  9    XL:     6   Next: 24%
Magic:  8/9        EV: 13    Int: 18    God:    Qazlal [***...]
Gold:   65         SH:  3    Dex: 12    Spells: 3/9 levels left

rFire   . . .      SeeInvis .     - Unarmed
rCold   . . .      Faith    .   (no shield)
rNeg    . . .      Spirit   .   (helmet restricted)
rPois   .          Reflect  .   (no amulet)
rElec   .          Harm     .   (no ring)
rCorr   .          Rampage  .   (no ring)
Will    .....                   (no ring)
Stlth   ++........              (no ring)
HPRegen 0.12/turn               (no ring)
MPRegen 0.11/turn               (no ring)
                                (no ring)
                                (no ring)

@: wereblooded
A: almost no armour, amphibious, 8 rings, camouflage 1, gelatinous body 1,
nimble swimmer 1, tentacles
a: Renounce Religion, Upheaval, Elemental Force


You were in a sewer.
You worshipped Qazlal.
Qazlal was most pleased with you.
You visited 1 branch of the dungeon, and saw 3 of its levels.
You also visited: Sewer.

You collected 65 gold pieces.

Inventory:

Armour
 d - the -5 buckler of Obenog {Harm Regen+ Int+4 SInv}
   (You found it in a sewer)

   Int:       It affects your intelligence (+4).
   SInv:      It lets you see invisible.
   Regen:     It increases your rate of health regeneration.
   Harm:      It increases damage dealt and taken.
Scrolls
 c - a scroll of fog
Potions
 a - a potion of berserk rage {unknown}
 b - 2 potions of cancellation {unknown}
 e - 4 potions of curing {unknown}
 f - a potion of attraction {unknown}
 g - a potion of haste {unknown}
 h - a potion of might {unknown}
 i - a potion of mutation {unknown}
 j - a potion of resistance {unknown}


   Skills:
 - Level 1.0 Fighting
 - Level 2.0 Dodging
 * Level 6.8 Unarmed Combat
 - Level 2.0 Spellcasting
 - Level 2.0 Transmutations


You had 3 spell levels left.
You knew the following spells:

 Your Spells              Type           Power      Damage    Failure   Level
a - Beastly Appendage     Tmut           18%        N/A       8%          1
b - Wereblood             Tmut           9%         N/A       12%         2
c - Spider Form           Tmut/Pois      5%         N/A       34%         3

Your spell library contained the following spells:

 Spells                   Type           Power      Damage    Failure   Level
 Ice Form                 Ice/Tmut       5%         N/A       75%         4


Dungeon Overview and Level Annotations

Branches:
Dungeon (3/15)              Sewer (1/1)

Altars:
Qazlal

Shops:
D:2 =

Annotations:
D:3 Ijyb


Innate Abilities, Weirdness & Mutations

You cannot wear most types of armour.
You are amphibious.
You can wear up to eight rings at the same time.
Your skin changes colour to match your surroundings (Stealth+).
Your rubbery body absorbs attacks. (AC +1, EV +1)
You are camouflaged near water. (Stealth+)
You have tentacles for arms and can constrict up to eight enemies at once.


Message History

You block the adder's attack. The ball python completely misses you.
The ball python misses you. You block the bullfrog's attack.
You bludgeon the ball python!
You feel a bit better.
You kill the ball python!
Qazlal accepts your kill.
You feel sick.
You are no longer poisoned.
The bullfrog hits you! The adder barely misses you.
The bullfrog barely misses you. The bullfrog misses you.
The ball python bites you. The ball python barely misses you.
You tentacle-slap the ball python.
You feel a bit better.
You kill the ball python!
Qazlal accepts your kill. The adder bites you but does no damage.
The bullfrog hits you. You block the bullfrog's attack.
You bludgeon the frilled lizard!
You feel a bit better.
You kill the frilled lizard!
Qazlal accepts your kill. You block the adder's attack. The bullfrog hits you.
* * * LOW HITPOINT WARNING * * *
The bullfrog snags a nearby blue-tailed skink with its tongue.
The bullfrog barely misses you.
You miss the adder. Your grab misses the adder. You squeeze the adder.
The adder is heavily wounded.
The bullfrog barely misses you. The adder misses you.
The bullfrog barely misses you.
The bullfrog hits you but does no damage.
The adder barely misses you. You block the bullfrog's attack.
You bludgeon the adder!
You feel a bit better.
You kill the adder!
Qazlal accepts your kill. The bullfrog hits you.
* * * LOW HITPOINT WARNING * * *
The bullfrog hits you.
* * * LOW HITPOINT WARNING * * *
You howl as the wereblood boils in your veins!
The bullfrog is struck by lightning.
The bullfrog barely misses you. x2
The bullfrog snags a nearby millipede with its tongue.
The bullfrog hits you.
You die...

###..≈≈≈≈≈≈≈#≈≈≈≈≈≈≈......#
####################....#
##...## #####...# #..'....#
#..#....# ####...##
####################....#
...≈≈≈≈≈†F°@≈≈≈≈≈≈......#
..≈≈≈≈≈≈§≈F○≈≈≈≈≈≈.....##
..≈≈≈≈≈≈†≈≈≈≈≈≈≈≈≈≈....#
...≈≈≈≈≈#≈≈≈≈≈≈≈≈≈.....#
...≈≈≈≈#≈..≈#≈≈≈≈≈≈...##
...≈≈≈≈≈≈≈≈≈≈≈≈≈≈≈..###
#####################


You could see 2 bullfrogs.

Vanquished Creatures
  A scorpion (D:3)
  A gnoll (D:1)
  6 adders
  4 river rats (Sewer)
  3 dart slugs
  2 orcs (D:3)
  19 ball pythons
  2 bats
  9 endoplasms
  9 giant cockroaches
  4 goblins
  2 hobgoblins (D:1)
  3 jackals (D:1)
  8 kobolds
  7 quokkas
  2 frilled lizards
  30 rats
  A spectral goblin (D:1)
113 creatures vanquished.

Notes
Turn   | Place    | Note
-------+----------+-------------------------------------------
     0 | D:1      | ChaosChampion the Octopode Transmuter began the quest for
                  | the Orb.
     0 | D:1      | Reached XP level 1. HP: 13/13 MP: 3/3
   223 | D:1      | Reached XP level 2. HP: 9/18 MP: 5/5
   233 | D:1      | Learned a level 2 spell: Wereblood
   643 | D:1      | Reached skill level 4 in Unarmed Combat
   763 | D:1      | Reached XP level 3. HP: 21/23 MP: 2/6
  1260 | D:1      | Found a faded altar of an unknown god.
  1272 | D:1      | Prayed at the altar of an unknown god.
  1272 | D:1      | Became a worshipper of Qazlal Stormbringer
  1272 | D:1      | Reached * piety under Qazlal
  1925 | D:2      | Reached XP level 4. HP: 28/28 MP: 3/7
  1929 | D:2      | Learned a level 3 spell: Spider Form
  2060 | D:2      | Found Bearch's Jewellery Shop.
  2076 | D:2      | Reached skill level 5 in Unarmed Combat
  2238 | D:2      | Found a stormy altar of Qazlal.
  2407 | D:3      | Noticed Ijyb
  2773 | D:3      | Noticed a scorpion
  2780 | D:3      | Killed a scorpion
  2781 | D:3      | Reached XP level 5. HP: 20/33 MP: 2/8
  2822 | D:3      | Reached skill level 6 in Unarmed Combat
  2847 | D:3      | Reached ** piety under Qazlal
  2857 | D:3      | Found a glowing drain.
  2861 | Sewer    | Entered a sewer
  2972 | Sewer    | Identified the -5 buckler of Obenog {Harm Regen+ Int+4
                  | SInv}
  2989 | Sewer    | Reached XP level 6. HP: 38/38 MP: 6/9
  3053 | Sewer    | Reached *** piety under Qazlal
  3060 | Sewer    | Slain by a bullfrog

Illustrated notes

Levels and vault maps discovered:
D:1:      evilmike_arrival_fibonacci_small, layout_loops_ring,
          dreamdust_ecumenical_altar_drowned_temple, minivault_25, hex_medium
D:2:      layout_basic, basic_altar, serial_shops, nicolae_shop_hallway_plus
D:3:      layout_basic, gup_sewer_entry_bowl, uniq_ijyb
Sewer:    sewer_minmay_w

Skill      XL: |  1  2  3  4  5 |
---------------+----------------+-----
Unarmed Combat | 4 5 6 |  6.8
Fighting       | |  1.0
Dodging        | |  2.0
Spellcasting   | |  2.0
Transmutations | |  2.0

Action                   |  1- 3 |  4- 6 || total
-------------------------+-------+-------++-------
Melee: Unarmed           |    69 |   124 ||   193
       Kick              |    13 |    12 ||    25
       Tentacles         |     5 |    18 ||    23
       Constrict         |    14 |    27 ||    41
       Punch             |     1 |     3 ||     4
 Cast: Beastly Appendage |    20 |     8 ||    28
       Wereblood         |    13 |     9 ||    22
       Spider Form       |       |     2 ||     2
  Use: Scroll            |       |     2 ||     2
 Stab: Sleeping          |     4 |       ||     4
Armor: Skin              |     8 |     8 ||    16
Dodge: Dodged            |    33 |    93 ||   126
Block: Other             |       |    22 ||    22

Table legend: (Time is in decaauts)
 A = Elapsed time spent in this place.
 B = Non-inter-level travel time spent in this place.
 C = Inter-level travel time spent in this place.
 D = Time resting spent in this place.
 E = Time spent auto-exploring this place.
 F = Levels seen in this place.
 G = Mean time per level.
                   A        B        C        D        E       F      G
               +--------+--------+--------+--------+--------+-----+--------+
         Total |   3043 |   3043 |      0 |    514 |   1287 |   4 |  760.8 |
       Dungeon |   2853 |   2853 |      0 |    514 |   1287 |   3 |  951.0 |
         Sewer |    190 |    190 |      0 |      0 |      0 |   1 |  190.0 |
               +--------+--------+--------+--------+--------+-----+--------+

Top non-repeatable levels by time:
     D:1: 1995 daAuts
     D:2: 695 daAuts
   Sewer: 190 daAuts
     D:3: 161 daAuts
